 Seeded DCSS version 0.31.0-32-g396128a36d (webtiles) character file.

Game seed: 16386573391803395365 (custom seed)

7819 bronco the Fighter (level 11, 0/96 HPs)
             Began as a Mummy Necromancer on Mar 30, 2024.
             Was a Believer of Kikubaaqudgha.
             Slain by a molten gargoyle
             ... wielding a +0 mace
              (16 damage)
             ... on level 9 of the Dungeon on Mar 31, 2024.
             The game lasted 00:19:33 (7211 turns).

bronco the Fighter (Mummy Necromancer)              Turns: 7211, Time: 00:19:34

Health: 0/96       AC:  5    Str: 11    XL:     11   Next: 1%
Magic:  22/24      EV: 10    Int: 20    God:    Kikubaaqudgha [**....]
Gold:   435        SH:  6    Dex: 12    Spells: 21/29 levels left

rFire   x . .        i - +7 sceptre of Torment {pain, torment}
rCold   + . .        u - +3 buckler {reflect}
rNeg    + + +        p - +0 troll leather armour
rPois   ∞            j - +0 hat
rElec   .            v - +0 cloak
rCorr   .            (no gloves)
SInv    .            w - +0 pair of boots
Will    +....        z - amulet of magic regeneration
Stlth   ++           (no ring)
HPRegen 1.16/turn    (no ring)
MPRegen 0.59/turn

%: reflection, faith
@: studying Throwing
A: cold resistance 1, negative energy resistance 3, torment resistance 2, heat
vulnerability 1, in touch with death 1, no potions, faith
a: Renounce Religion, Unearth Wretches


You were on level 9 of the Dungeon.
You worshipped Kikubaaqudgha.
Kikubaaqudgha was pleased with you.
You visited 2 branches of the dungeon, and saw 10 of its levels.

You collected 435 gold pieces.

Inventory:

Hand Weapons
 d - a +0 club
 i - the +7 sceptre of Torment (weapon) {pain, torment}
   (You found it on level 2 of the Dungeon)
 o - a +0 falchion
 x - the +2 dagger of Doom {chaos, rF+}
   (You found it on level 5 of the Dungeon)

   rF+:       It protects you from fire.
Missiles
 b - 6 atropa-tipped darts
 e - 86 stones
 t - 17 poisoned darts (quivered)
 D - 2 darts of dispersal
Armour
 a - a +0 robe
 c - a +0 leather armour
 j - a +0 hat (worn)
 p - a +0 troll leather armour (worn)
 u - a +3 buckler of reflection (worn)
 v - a +0 cloak (worn)
 w - a +0 pair of boots (worn)
Magical Staves
 h - a staff of fire
Jewellery
 f - a +4 ring of protection
 l - a ring of fire
 s - an amulet of reflection
 z - an amulet of magic regeneration (around neck)
Wands
 y - a wand of polymorph (9)
 A - a wand of charming (7)
Scrolls
 g - 2 scrolls of revelation
 k - 7 scrolls of teleportation
 m - a scroll of poison
 n - a scroll of fog
 q - 5 scrolls of identify
 r - 3 scrolls of amnesia
 B - a scroll of summoning {unknown}
 C - a scroll of enchant weapon {unknown}


   Skills:
 - Level 12.4 Fighting
 - Level 1.5 Dodging
 - Level 3.6 Stealth
 + Level 9.5 Spellcasting
 + Level 9.0 Necromancy


You had 21 spell levels left.
You knew the following spells:

 Your Spells              Type           Power      Damage    Failure   Level
a - Necrotise             Necr           100%       1d9       1%          1
b - Vampiric Draining     Necr           62%        2d10      1%          3
c - Animate Dead          Necr           62%        N/A       3%          4

Your spell library contained the following spells:

 Spells                   Type           Power      Damage    Failure   Level
 Kiss of Death            Conj/Necr      100%       2d13      2%          1
 Curse of Agony           Necr           62%        N/A       10%         5
 Apportation              Tloc           18%        N/A       14%         1
 Foxfire                  Conj/Fire      36%        2x1d5     14%         1
 Summon Small Mammal      Summ           36%        N/A       14%         1
 Jinxbite                 Hex            18%        N/A       22%         2
 Call Canine Familiar     Summ           9%         N/A       41%         3
 Dazzling Flash           Conj/Hex       18%        N/A       41%         3
 Mephitic Cloud           Conj/Alch/Air  9%         N/A       41%         3
 Summon Blazeheart Golem  Fire/Summ      9%         N/A       82%         4
 Alistair's Intoxication  Alch           6%         N/A       99%         5
 Silence                  Hex/Air        4%         N/A       99%         5
 Summon Forest            Summ/Tloc      4%         N/A       99%         5
 Eringya's Noxious Bog    Alch           4%         4d6       100%        6
 Plasma Beam              Fire/Air       4%         2x1d14    100%        6
 Starburst                Conj/Fire      4%         6d4       100%        6
 Summon Hydra             Summ           4%         N/A       100%        7


Dungeon Overview and Level Annotations

Branches:
Dungeon (9/15)             Temple (1/1) D:7            Lair (0/5) D:8
    Orc: D:9-12

Altars:
Ashenzari
Cheibriados
Dithmenos
Fedhas
Gozag
Hepliaklqana
Kikubaaqudgha
Makhleb
Nemelex Xobeh
Okawaru
Qazlal
Ru
Sif Muna
Trog
Uskayaw
Vehumet
Wu Jian
Xom
Yredelemnul


Innate Abilities, Weirdness & Mutations

You are immune to poison.
Your flesh is cold resistant. (rC+)
You are immune to negative energy. (rN+++)
You are immune to unholy pain and torment.
You are vulnerable to heat. (rF-)
You are in touch with the powers of death.
You do not drink.
You have a special connection with the divine. (Faith)


Message History

The molten gargoyle blasts magma at you!
The bolt of magma hits you! The lava burns you terribly!
Your bullfrog zombie hits the molten gargoyle but does no damage. x2
The molten gargoyle hits you but does no damage.
Unknown command.
Unknown command.
You puncture the molten gargoyle!
You destroy the molten gargoyle!
Kikubaaqudgha accepts your kill.
A molten gargoyle comes into view. It is wielding a +0 mace.
Your Necromancy skill increases to level 9!
You have reached level 11!
Unknown command.
A lava snake comes into view.
Your bullfrog zombie hits the molten gargoyle.
Your bullfrog zombie hits the molten gargoyle but does no damage.
The molten gargoyle blasts magma at you!
The bolt of magma hits your bullfrog zombie!!
The bolt of magma hits you!! The lava burns you terribly!
* * * LOW HITPOINT WARNING * * *
Your bullfrog zombie hits the molten gargoyle. x2
You see here a +0 mace.
Unknown command.
You swap places.
The molten gargoyle barely misses you.
Your bullfrog zombie closely misses the molten gargoyle.
You hit the molten gargoyle but do no damage.
The molten gargoyle is moderately damaged.
The lava snake spits lava at you. The glob of lava misses you.
The molten gargoyle blasts magma at you!
The bolt of magma misses you.
Your bullfrog zombie hits the molten gargoyle but does no damage. x2
The lava snake spits lava at you.
Your +3 buckler of reflection blocks the glob of lava... and reflects it back!
The glob of lava hits the lava snake.
The lava snake partially resists.
The molten gargoyle hits you with a +0 mace!
* * * LOW HITPOINT WARNING * * *
You are engulfed in flames!
The fire burns you terribly!
You die...
Kikubaaqudgha rasps: "You have failed me!
Welcome... oblivion!"

#........#.... ##.
#.......##8... .
#..... #.........# .
#...... ####.....##
.#...... #......###
##......
#........###.....##
#................$#
#..........†.Z..#.#
#...........)@9..#
..............Z..#...§
.##########........# ≈
#.......#§S≈
#........#.≈
#.......#..§≈
#........#.≈≈
..$.....#..≈


You could see a molten gargoyle (ally target), a lava snake (catching breath)
and 2 friendly bullfrog zombies.

Vanquished Creatures
  Gastronok (D:8)
  A molten gargoyle (D:9)
  Psyche (D:8)
  A troll (D:5)
  Grinder (D:3)
  10 yaks
  3 wyverns
  Eustachio (D:5)
  A steam dragon (D:8)
  2 water moccasins
  An ice beast (D:8)
  4 sky beasts
  A black bear (D:7)
  An ogre (D:6)
  5 centaurs
  A phantom (D:5)
  8 bullfrogs
  A kobold brigand (D:6)
  2 scorpions
  9 killer bees
  A howler monkey (D:6)
  A bombardier beetle (D:5)
  A hound (D:7)
  2 orc priests
  Terence (D:3)
  2 iguanas (D:6)
  2 orc wizards (D:6)
  4 gnolls (D:4)
  4 adders
  A shadow imp (D:6)
  2 white imps (D:6)
  2 ufetubi (D:6)
  2 dart slugs
  5 ribbon worms
  7 orcs
  4 ball pythons
  7 bats
  8 endoplasms
  7 giant cockroaches
  5 goblins
  5 hobgoblins
  7 jackals
  12 kobolds
  4 quokkas
  7 frilled lizards
  5 rats
163 creatures vanquished.

Vanquished Creatures (collateral kills)
  A two-headed ogre (D:8)
  An ogre (D:4)
  2 bullfrogs (D:8)
  2 killer bees (D:8)
  An orc wizard (D:8)
  A white imp (D:5)
  A dart slug (D:1)
  4 orcs
  2 kobolds
15 creatures vanquished.

Vanquished Creatures (others)
  A wyvern zombie (D:8)
  A yak zombie (D:8)
  3 bullfrog zombies (D:8)
  4 orc zombies
9 creatures vanquished.

Grand Total: 187 creatures vanquished

Notes
Turn   | Place    | Note
-------+----------+-------------------------------------------
     0 | D:1      | bronco the Mummy Necromancer began the quest for the Orb.
     0 | D:1      | Reached XP level 1. HP: 13/13 MP: 4/4
   154 | D:1      | Reached XP level 2. HP: 19/19 MP: 3/5
   183 | D:1      | You fall into a shaft and drop 1 floor!
   474 | D:2      | Found the +7 sceptre of Torment {pain, torment}
   491 | D:2      | Reached XP level 3. HP: 24/24 MP: 1/7
   847 | D:1      | Learned a level 3 spell: Vampiric Draining
   982 | D:1      | Reached skill level 5 in Necromancy
  1840 | D:3      | Noticed Grinder
  1844 | D:3      | Killed Grinder
  1845 | D:3      | Reached skill level 5 in Spellcasting
  1845 | D:3      | Reached XP level 4. HP: 30/30 MP: 9/11
  1845 | D:3      | Reached XP level 5. HP: 35/35 MP: 9/12
  1845 | D:3      | Reached XP level 6. HP: 41/41 MP: 10/14
  1962 | D:3      | Noticed Terence
  1967 | D:3      | Killed Terence
  2299 | D:4      | Learned a level 4 spell: Animate Dead
  3129 | D:5      | Entered Level 5 of the Dungeon
  3151 | D:5      | Noticed Eustachio
  3155 | D:5      | Reached XP level 7. HP: 42/46 MP: 9/16
  3158 | D:5      | Killed Eustachio
  3464 | D:5      | Noticed a troll
  3470 | D:5      | Killed a troll
  3471 | D:5      | Reached XP level 8. HP: 50/52 MP: 12/19
  3529 | D:5      | Identified the +2 dagger of Doom {chaos, rF+}
  4901 | D:6      | Reached skill level 1 in Fighting
  5018 | D:7      | Reached skill level 2 in Fighting
  5231 | D:7      | Reached skill level 3 in Fighting
  5361 | D:7      | Reached skill level 4 in Fighting
  5371 | D:7      | Found a staircase to the Ecumenical Temple.
  5381 | D:7      | Reached XP level 9. HP: 65/65 MP: 21/21
  5665 | D:7      | Reached skill level 5 in Fighting
  5915 | D:7      | Reached skill level 6 in Fighting
  6270 | Temple   | Entered the Ecumenical Temple
  6276 | Temple   | Became a worshipper of Kikubaaqudgha
  6300 | D:8      | Noticed Gastronok
  6300 | D:8      | Noticed Psyche
  6313 | D:8      | Killed Psyche
  6314 | D:8      | Reached skill level 7 in Fighting
  6331 | D:8      | Killed Gastronok
  6332 | D:8      | Reached skill level 9 in Fighting
  6393 | D:8      | Reached XP level 10. HP: 60/83 MP: 22/22
  6398 | D:8      | Found a staircase to the Lair.
  6417 | D:8      | Reached skill level 10 in Fighting
  6528 | D:8      | Reached * piety under Kikubaaqudgha
  6528 | D:8      | Received a gift from Kikubaaqudgha
  6539 | D:8      | Reached skill level 11 in Fighting
  6585 | D:8      | Noticed a two-headed ogre
  6594 | D:8      | Killed a two-headed ogre
  6595 | D:8      | Reached skill level 12 in Fighting
  6734 | D:8      | Found a blossoming altar of Fedhas.
  6741 | D:8      | Found a sparkling altar of Nemelex Xobeh.
  6745 | D:8      | Found a shadowy altar of Dithmenos.
  6747 | D:8      | Found a burning altar of Makhleb.
  6762 | D:8      | Found a shimmering blue altar of Sif Muna.
  7196 | D:9      | Noticed a molten gargoyle
  7201 | D:9      | Reached ** piety under Kikubaaqudgha
  7204 | D:9      | Killed a molten gargoyle
  7204 | D:9      | Noticed a molten gargoyle
  7205 | D:9      | Reached XP level 11. HP: 52/96 MP: 17/24
  7211 | D:9      | Slain by a molten gargoyle

Illustrated notes

Levels and vault maps discovered:
D:1:      eino_arrival_tree_alley, layout_rooms
D:2:      layout_basic, minmay_bisected
D:3:      layout_rooms, uniq_grinder, uniq_terence
D:4:      layout_basic
D:5:      layout_basic, minmay_misc_feat_plants, uniq_eustachio
D:6:      layout_basic, lemuel_flamethrower_1
D:7:      layout_layer_cave, minmay_temple_entry_purple_smoke, grunt_tough_drop
D:8:      layout_basic, nicolae_overflow_hallway_of_the_gods,
          due_lair_maze_entry_diamond, uniq_gastronok, uniq_psyche
D:9:      hellmonk_crumbling_castle, layout_irregular_city, minivault_8
Temple:   kb_temple_of_zot

Skill      XL: |  1  2  3  4  5  6  7  8  9 10 |
---------------+-------------------------------+-----
Spellcasting   | 3 5 6 7 8 9 |  9.5
Necromancy     | 6 7 8 9 |  9.0
Stealth        | 3 |  3.6
Fighting       | 4 9 12 | 12.4
Dodging        | |  1.5

Action                     |  1- 3 |  4- 6 |  7- 9 | 10-12 || total
---------------------------+-------+-------+-------+-------++-------
  Melee: Unarmed           |    12 |       |       |       ||    12
         Punch             |     1 |       |       |       ||     1
         Club              |     9 |       |       |       ||     9
         Eveningstar       |    52 |    65 |   101 |    44 ||   262
  Throw: Dart              |       |       |    12 |     3 ||    15
         Throwing net      |       |       |     1 |       ||     1
   Cast: Necrotise         |    31 |    10 |     1 |       ||    42
         Animate Dead      |       |     2 |     3 |     2 ||     7
         Vampiric Draining |       |       |    29 |    44 ||    73
  Evoke: Wand              |     3 |     2 |     3 |       ||     8
    Use: Scroll            |       |     8 |     3 |     1 ||    12
   Stab: Sleeping          |     1 |     1 |     2 |       ||     4
         Distracted        |     1 |       |     1 |       ||     2
 Armour: Robe              |     6 |       |       |       ||     6
         Leather armour    |    66 |    34 |    14 |       ||   114
         Troll leather arm |       |       |   117 |    91 ||   208
  Dodge: Dodged            |    73 |    40 |    79 |    42 ||   234
  Block: Other             |       |     5 |     2 |       ||     7
         Buckler           |       |       |    55 |    49 ||   104
         Reflection        |       |       |     2 |     3 ||     5
